Map: Ruins of Seras

Players

Reality

  • Race: Terran Terran
  • League: Master

Solar - Winner!

  • Race: Zerg Zerg
  • League: Master

Event: Team Gravity's Tournament of Champions #5

VOD

Have the link to the VOD?

Description

Time

  • Played on: Nov. 15, 2015, 9:39 p.m.
  • Length: 15:37

All games in this series

Show
View Real Time Build Order
Export as new Build Order

Reality Terran 

Build Orders: Command Center First (CC), Bio Tank 

Get SALT Encoding   

  12  0:00  SCV  
  13  0:12  SCV  
  14  0:18  Supply Depot  
  14  0:25  SCV  
  15  0:40  SCV  
  16  0:52  SCV  
  17  1:02  Command Center  
  17  1:04  SCV  
  18  1:14  Barracks  
  18  1:18  SCV  
  19  1:25  Refinery  
  19  1:31  SCV  
  20  1:43  SCV  
  21  1:55  SCV  
  22  2:01  Marine  
  22  2:07  Orbital Command  
  23  2:14  Orbital Command  
  23  2:19  Marine  
  24  2:26  Factory  
  24  2:33  SCV  
  25  2:40  SCV  
  25  2:41  Command Center  
  26  2:45  SCV, Barracks Reactor  
  26  2:50  Bunker  
  27  2:52  SCV  
  27  2:57  SCV  
  29  3:00  Refinery  
  29  3:04  SCV  
  30  3:09  SCV  
  31  3:14  Supply Depot  
  31  3:16  SCV  
  32  3:22  SCV  
  32  3:23  Starport  
  32  3:26  Hellion  
  32  3:27  Hellion  
  37  3:28  SCV  
  37  3:29  Barracks Tech Lab  
  38  3:36  SCV  
  38  3:40  SCV  
  39  3:48  SCV, Hellion x2  
  44  3:52  SCV  
  44  3:54  Orbital Command  
  45  4:00  SCV  
  46  4:04  SCV  
  46  4:05  Refinery x2  
  46  4:06  Banshee  
  50  4:12  SCV  
  50  4:13  Barracks Tech Lab  
  50  4:16  SCV  
  52  4:21  SCV  
  53  4:26  Factory Reactor  
  53  4:31  SCV x2, Barracks x2  
  53  4:34  SCV  
  53  4:35  Marine  
  40  4:38  Supply Depot, Liberator  
  57  4:43  Engineering Bay  
  57  4:44  Engineering Bay  
  57  4:50  Bunker  
  57  4:51  Bunker  
  60  4:56  Supply Depot  
  60  5:02  SCV x2  
  60  5:04  Siege Tank, Marine  
  60  5:05  Supply Depot  
  66  5:10  Bunker  
  66  5:12  Bunker  
  66  5:18  Supply Depot  
  66  5:20  Marine  
  66  5:21  Marine  
  67  5:24  SCV x2  
  67  5:25  Terran Infantry Weapons Level 1, SCV, Terran Infantry Armor Level 1  
  67  5:26  Barracks Tech Lab  
  71  5:35  Marine, Orbital Command  
  71  5:36  Siege Tank  
  71  5:38  Marine  
  71  5:39  Marine  
  71  5:42  Supply Depot  
  77  5:46  Stimpack  
  77  5:47  SCV x2  
  79  5:53  Marine  
  79  5:56  Marine  
  81  6:00  SCV, Barracks, Starport Reactor  
  81  6:01  SCV, Barracks  
  83  6:09  Supply Depot  
  84  6:18  SCV x3  
  84  6:19  Refinery x2  
  84  6:20  Marine x4  
  84  6:23  Combat Shields  
  84  6:24  Siege Tank  
  93  6:29  Armory  
  93  6:34  SCV x3  
  93  6:36  Factory  
  93  6:38  Marine  
  97  6:40  Marauder  
  97  6:41  Marine  
  97  6:42  Supply Depot, Marauder  
  97  6:43  Medivac x2  
  100  6:58  Barracks Reactor x2  
  98  7:02  SCV x3  
  98  7:07  Siege Tank  
  104  7:10  Barracks x2  
  104  7:11  Marine x2, Barracks, Marauder x2  
  110  7:16  SCV x2  
  110  7:17  Supply Depot, SCV  
  110  7:21  Supply Depot, Medivac x2  
  117  7:25  Factory Tech Lab  
  117  7:36  Terran Infantry Weapons Level 2  
  117  7:37  Supply Depot  
  117  7:38  Marauder x2, Marine x2  
  122  7:45  Siege Tank  
  122  7:46  Siege Tank  
  94  8:00  Marine x4, Marauder x2  
  94  8:01  Marine  
  94  8:02  Marine  
  104  8:09  Orbital Command  
  102  8:18  Siege Tank, Marine x3  
  102  8:19  Marine  
  109  8:20  Marine  
  109  8:21  Marauder x2  
  117  8:27  Siege Tank  
  117  8:31  Barracks Tech Lab x2  
  117  8:32  Barracks Tech Lab  
  117  8:43  Marauder x2  
  118  8:50  Marauder x2  
  118  8:53  Marine x6  
  118  8:55  Marauder  
  130  8:58  Supply Depot  
  130  8:59  Supply Depot  
  130  9:00  Siege Tank  
  133  9:04  Marauder  
  133  9:05  Supply Depot, Siege Tank, Medivac  
  133  9:06  Medivac  
  120  9:25  Orbital Command  
  103  9:31  Marine x3, Marauder x2  
  103  9:32  Marine  
  103  9:33  Siege Tank  
  103  9:34  Marine  
  103  9:36  SCV x2  
  103  9:37  Siege Tank  
  105  9:40  Marauder x2  
  108  10:01  Marauder x3  
  108  10:06  Marine x4  
  118  10:07  Marine x2  
  118  10:11  Marine  
  118  10:13  Siege Tank  
  124  10:17  Orbital Command  
  124  10:19  Siege Tank  
  126  10:29  Terran Infantry Weapons Level 3  
  128  10:35  Marine  
  128  10:36  Marine, Marauder  
  128  10:38  Marine  
  128  10:39  Marine  
  128  10:41  Marine  
  133  10:44  Orbital Command  
  132  10:53  Siege Tank  
  132  10:55  Marine x2  
  132  10:56  Marine  
  132  10:57  Marine x2  
  132  11:02  Marine x2  
  136  11:08  Marine  
  136  11:09  Marauder, Marine x2  
  141  11:12  Orbital Command  
  137  11:29  Orbital Command  
  137  11:32  Marauder x2  
  131  11:33  Marine, Marauder  
  131  11:34  Marine  
  131  11:36  Marine x3  
  131  11:37  Marine x2  
  131  11:39  Marine  
  140  11:51  Marine  
  140  11:52  Siege Tank  
  144  11:59  Siege Tank  
  144  12:00  Supply Depot  
  147  12:05  Medivac  
  149  12:15  Concussive Shells  
  149  12:19  Terran Infantry Armor Level 2  
  149  12:22  Marauder x2, Medivac  
  155  12:26  Terran Vehicle Weapons Level 1  
  154  12:32  Marauder  
  154  12:33  Marauder  
  157  12:42  Marauder  
  157  12:49  Orbital Command  
  157  12:50  Marauder x2  
  155  12:52  Marine  
  148  13:02  Marauder x2  
  128  13:06  Marauder  
  128  13:10  Marine  
  131  13:18  Marine  
  132  13:22  Marine  
  132  13:26  Marine x2  
  135  13:27  Marine  
  135  13:30  Marine  
  135  13:32  Marine  
  138  13:34  Marine x2  
  138  13:36  Marine  
  140  13:45  Marine  
  140  13:46  Marine  
  140  13:47  Marine  
  142  13:50  Marine x4  
  142  13:54  Marine x2  
  147  13:56  Marine  
  147  13:58  Supply Depot  
  148  14:07  Marine x2  
  148  14:08  Marine  
  149  14:20  Marine x5  
  154  14:25  Marine x2  
  154  14:26  Supply Depot, Marine  
  154  14:27  Marine x3  
  158  14:37  Marine  
  155  14:45  Marine x4  
Show
View Real Time Build Order
Export as new Build Order

Solar Zerg - Winner!

Build Orders: Hatch First, Roach Nydus 

Get SALT Encoding   

  12  0:00  Drone  
  13  0:13  Overlord  
  13  0:18  Drone  
  14  0:31  Drone x2  
  16  0:36  Drone  
  17  0:55  Hatchery  
  17  0:56  Drone  
  17  0:59  Drone  
  18  1:06  Extractor  
  18  1:08  Drone  
  18  1:18  Spawning Pool  
  17  1:21  Drone  
  18  1:33  Drone  
  19  1:41  Overlord  
  19  2:05  Zergling x4, Queen  
  19  2:06  Metabolic Boost, Queen  
  25  2:10  Drone  
  26  2:16  Drone  
  26  2:18  Drone  
  28  2:25  Drone  
  28  2:28  Drone  
  30  2:35  Drone  
  31  2:39  Overlord  
  31  2:42  Queen  
  33  2:46  Drone  
  33  2:50  Drone  
  35  2:54  Drone  
  36  3:02  Drone  
  36  3:05  Hatchery  
  36  3:06  Drone  
  37  3:16  Drone x2, Overlord  
  37  3:18  Drone x2  
  41  3:21  Drone  
  41  3:23  Drone x2  
  44  3:33  Roach Warren  
  44  3:34  Drone  
  44  3:41  Drone  
  45  3:42  Lair  
  45  3:44  Drone, Extractor x2  
  45  3:48  Queen  
  45  3:57  Drone x5  
  45  4:01  Overlord  
  50  4:03  Overlord  
  50  4:07  Overlord  
  50  4:10  Drone  
  50  4:11  Zergling x2  
  51  4:18  Roach x2  
  55  4:25  Roach x3, Zergling x2  
  62  4:31  Queen  
  62  4:35  Roach  
  62  4:37  Overlord  
  66  4:40  Spore Crawler  
  65  4:47  Nydus Network  
  65  4:48  Drone  
  65  4:50  Overseer  
  65  4:54  Overseer  
  65  4:59  Drone x3  
  68  5:02  Drone  
  68  5:03  Drone  
  68  5:04  Drone x3  
  68  5:06  Drone  
  75  5:13  Evolution Chamber  
  74  5:16  Drone x2  
  74  5:17  Drone x2  
  74  5:18  Drone x2  
  74  5:19  Evolution Chamber  
  74  5:20  Drone  
  80  5:21  Drone  
  80  5:23  Drone  
  80  5:25  Overlord  
  82  5:29  Drone  
  82  5:30  Drone x2  
  82  5:34  Drone  
  86  5:39  Zerg Missile Weapons Level 1  
  86  5:40  Drone x3  
  89  5:44  Drone  
  89  5:45  Overlord  
  89  5:46  Zerg Ground Armor Level 1, Extractor  
  89  5:47  Drone x2  
  89  5:48  Glial Reconstitution  
  91  5:53  Drone x2  
  93  6:01  Hatchery  
  93  6:02  Overlord, Extractor x2  
  89  6:08  Roach x3  
  89  6:09  Roach x2  
  99  6:11  Overlord  
  99  6:13  Overlord  
  99  6:18  Overlord  
  99  6:19  Overlord  
  99  6:30  Roach x7  
  99  6:31  Overlord  
  99  6:32  Overlord  
  113  6:45  Drone  
  115  6:47  Drone  
  115  6:50  Overlord  
  115  6:51  Drone  
  115  6:52  Roach x2  
  119  7:00  Overlord  
  121  7:01  Roach x7  
  133  7:09  Roach x3  
  133  7:12  Ravager x8  
  146  7:24  Roach  
  146  7:25  Roach x5  
  146  7:29  Hatchery  
  157  7:33  Overlord, Ravager x2  
  157  7:35  Roach x5  
  169  7:41  Roach x3  
  173  7:44  Overlord  
  173  7:51  Roach x4  
  173  7:57  Roach x5  
  173  8:01  Ravager  
  173  8:03  Roach  
  173  8:04  Roach x2  
  170  8:15  Zerg Missile Weapons Level 2  
  164  8:23  Drone  
  162  8:28  Ravager  
  162  8:29  Ravager  
  164  8:35  Drone x2  
  164  8:36  Overlord  
  164  8:39  Roach x2  
  164  8:40  Roach x8  
  190  8:46  Overlord  
  190  8:50  Roach x4  
  194  8:57  Ravager x3  
  194  8:58  Extractor  
  194  9:00  Extractor  
  195  9:03  Roach x2  
  195  9:06  Ravager  
  142  9:39  Roach  
  142  9:40  Roach x15  
  142  9:42  Ravager x2  
  142  9:43  Queen  
  178  9:48  Ravager  
  178  9:49  Ravager  
  180  9:55  Roach x7  
  192  10:00  Ravager  
  192  10:05  Roach x3  
  199  10:08  Ravager  
  200  10:21  Zerg Ground Armor Level 2  
  198  10:36  Infestation Pit, Zerg Melee Weapons Level 1  
  198  10:41  Ravager x2  
  184  10:58  Drone  
  184  10:59  Drone x3  
  184  11:02  Drone x2  
  190  11:04  Drone  
  190  11:05  Drone  
  190  11:06  Spine Crawler  
  190  11:07  Drone x2, Spine Crawler, Spore Crawler  
  191  11:13  Hatchery  
  191  11:15  Hive  
  150  12:00  Ravager  
  151  12:06  Roach x9  
  151  12:07  Roach x10  
  197  12:13  Zergling x20  
  197  12:14  Zergling x2  
  200  12:22  Ravager x2  
  200  12:28  Ultralisk Cavern  
  199  12:43  Spine Crawler  
  196  12:45  Spine Crawler  
  196  12:47  Adrenal Glands  
  196  12:48  Spine Crawler, Zerg Melee Weapons Level 2  
  184  12:51  Zerg Ground Armor Level 3  
  137  13:17  Ultralisk x6  
  137  13:18  Chitinous Plating  
  173  13:20  Ultralisk x3  
  191  13:33  Zergling x18  
  200  13:43  Ultralisk, Zergling x4  
  200  13:47  Hatchery  
  196  14:18  Viper  
  191  14:41  Ultralisk, Zergling x4  
  191  14:43  Overlord x2  
  199  14:46  Overlord  
  191  14:57  Ultralisk x4  
  191  14:58  Zergling x10  
  191  14:59  Zergling x8  
  200  15:07  Zergling x12  

Tags
 
Add a new tag
Caveats
  • Supply blocks, unpowered buildings, or Contaminate may cause inaccurate times.
  • Supply counts are checked every 10 seconds.